 Dungeon Crawl Stone Soup version 0.25.1-2-g60ff931df9 (webtiles) character file.

Game seed: 5244808683759476204

108 Turner1 the Shield-Bearer (level 5, -5/41 HPs)
             Began as a Formicid Fighter on Oct 5, 2020.
             Slain by Crazy Yiuf
             ... wielding a +3 quarterstaff of chaos
              (8 damage)
             ... on level 3 of the Dungeon.
             The game lasted 00:05:53 (2000 turns).

Turner1 the Shield-Bearer (Formicid Fighter)        Turns: 2000, Time: 00:05:53

Health: -5/41      AC:  8    Str: 22    XL:     5   Next: 12%
Magic:  5/5        EV:  8    Int:  7    God:
Gold:   150        SH:  9    Dex: 10    Spells: 4/4 levels left

rFire    . . .     SeeInvis +   a - +0 long sword
rCold    . . .     Gourm    .   c - +0 kite shield
rNeg     . . .     Faith    .   b - +0 scale mail
rPois    .         Spirit   .   (helmet unavailable)
rElec    .         Reflect  .   m - +0 cloak
rCorr    .         Harm     .   (no gloves)
MR       .....                  (no boots)
Stlth    ..........             (no amulet)
HPRegen  0.13/turn              (no ring)
MPRegen  0.09/turn              (no ring)

@: no status effects
A: permanent stasis, dig shafts and tunnels, four strong arms, antennae 3
a: Dig, Shaft Self


You were on level 3 of the Dungeon.
You were not hungry.

You visited 1 branch of the dungeon, and saw 3 of its levels.

You collected 150 gold pieces.

Inventory:

Hand Weapons
 a - a +0 long sword (weapon)
Armour
 b - a +0 scale mail (worn)
 c - a +0 kite shield (worn)
 m - a +0 cloak (worn)
Jewellery
 i - an uncursed amulet of regeneration
Scrolls
 e - a scroll of amnesia {unknown}
 h - 2 scrolls of magic mapping {unknown}
 j - 3 scrolls of identify {unknown}
 k - a scroll of random uselessness {unknown}
 n - a scroll of enchant armour {unknown}
 o - a scroll of immolation {unknown}
 p - a scroll of remove curse {unknown}
 q - a scroll of noise {unknown}
 s - a scroll of enchant weapon {unknown}
 v - a scroll of teleportation {unknown}
Potions
 d - 2 potions of might
 l - 2 potions of stabbing {unknown}
 r - a potion of flight {unknown}
 t - a potion of lignification {unknown}
 u - 2 potions of curing {unknown}
Comestibles
 f - 2 rations
 g - 3 chunks of flesh


   Skills:
 + Level 3.6 Fighting
 + Level 3.1 Long Blades
 * Level 4.1 Armour
 * Level 1.9 Stealth
 + Level 4.2 Shields


You had 4 spell levels left.
You didn't know any spells.
Your spell library was empty.

Dungeon Overview and Level Annotations

Branches:
Dungeon (3/15)

Altars:
Ru
Trog

Annotations:
D:3 Crazy Yiuf


Innate Abilities, Weirdness & Mutations

You cannot be hasted, slowed, berserked, paralysed or teleported.
You can dig through walls and to a lower floor.
Your four strong arms can wield two-handed weapons with a shield.
You have a pair of large antennae on your head. (SInv)


Message History

You hit Crazy Yiuf but do no damage. You block Crazy Yiuf's attack.
You hit Crazy Yiuf.
Crazy Yiuf is lightly wounded.
Crazy Yiuf grits, "Flower cloud sing-song!"
Crazy Yiuf barely misses you.
You riposte.
You hit Crazy Yiuf but do no damage.
Crazy Yiuf is lightly wounded.
You barely miss Crazy Yiuf.
Crazy Yiuf is lightly wounded.
Crazy Yiuf hits you with a +3 quarterstaff of chaos!
You are electrocuted!
* * * LOW HITPOINT WARNING * * *
You slash Crazy Yiuf!
Crazy Yiuf is heavily wounded.
Crazy Yiuf hits you with a +3 quarterstaff of chaos.
* * * LOW HITPOINT WARNING * * *
Crazy Yiuf burns you.
* * * LOW HITPOINT WARNING * * *
Crazy Yiuf says, "Defame Orb Guardian light!"
Crazy Yiuf hits you with a +3 quarterstaff of chaos!
You die...

. ##### ## #.....##.
#........ #........
#.....).. ###
####........ #)..###
##P.+........
#...g@####P...........
#...##..#.............
### ###.#...+........
#######...[.##.
#########


You could see Crazy Yiuf.

Vanquished Creatures
  Ijyb (D:3)
  An adder (D:2)
  An ooze (D:2)
  4 worms (D:2)
  2 dart slugs
  3 leopard geckos (D:1)
  7 giant cockroaches
  9 hobgoblins
  2 jackals (D:1)
  4 kobolds
  3 bats (D:2)
  5 goblins
  7 rats
49 creatures vanquished.

Notes
Turn   | Place    | Note
-------+----------+-------------------------------------------
     0 | D:1      | Turner1 the Formicid Fighter began the quest for the Orb.
     0 | D:1      | Reached XP level 1. HP: 18/18 MP: 1/1
    85 | D:1      | Reached XP level 2. HP: 24/24 MP: 2/2
   306 | D:1      | Reached XP level 3. HP: 23/29 MP: 3/3
   351 | D:1      | Reached skill level 1 in Stealth
   816 | D:2      | Found a sacrificial altar of Ru.
   816 | D:2      | Found a bloodstained altar of Trog.
  1024 | D:2      | Reached XP level 4. HP: 31/35 MP: 4/4
  1908 | D:3      | Noticed Ijyb
  1920 | D:3      | Killed Ijyb
  1920 | D:3      | Reached XP level 5. HP: 32/41 MP: 5/5
  1992 | D:3      | Found a runed translucent door.
  1993 | D:3      | Noticed Crazy Yiuf
  2000 | D:3      | Slain by Crazy Yiuf

Illustrated notes

Levels and vault maps discovered:
D:1:      dpeg_arrival_round_c, layout_basic, hangedman_decor_growths,
          minmay_small_reverse_x
D:2:      layout_basic, gammafunk_temple_overflow_elements
D:3:      layout_rooms, kennysheep_generic_room_14, uniq_crazy_yiuf_cottage,
          uniq_ijyb

Skill      XL: |  1  2  3  4 |
---------------+-------------+-----
Stealth        | 1 |  1.9
Shields        | 4 |  4.2
Armour         | 4 |  4.1
Long Blades    | 3 |  3.1
Fighting       | |  3.6

Action                   |  1- 3 |  4- 6 || total
-------------------------+-------+-------++-------
Melee: Long sword        |    82 |    75 ||   157
 Abil: Dig               |     3 |       ||     3
  Eat: Chunk             |     1 |     3 ||     4
Armor: Scale mail        |    45 |    35 ||    80
Dodge: Dodged            |    22 |    24 ||    46
Block: Kite shield       |    53 |    36 ||    89
       Rpst.: Long sword |     9 |     9 ||    18
